 Dungeon Crawl Stone Soup version 0.31.0-12-g77e489cdc1 (webtiles) character file.

Game seed: 5016339360162758783

892 Peloso the Slasher (level 7, -4/61 HPs)
             Began as a Minotaur Fighter on Mar 7, 2024.
             Slain by a cyclops (20 damage)
             ... on level 6 of the Dungeon.
             The game lasted 00:05:19 (4395 turns).

Peloso the Slasher (Minotaur Fighter)               Turns: 4395, Time: 00:05:19

Health: -4/61      AC: 11    Str: 21    XL:     7   Next: 78%
Magic:  6/6        EV:  8    Int:  5    God:
Gold:   244        SH:  5    Dex: 11    Spells: 6/6 levels left

rFire   . . .        a - +0 long sword
rCold   . . .        d - +0 buckler
rNeg    . . .        p - +0 chain mail
rPois   .            (helmet restricted)
rElec   .            (no cloak)
rCorr   +            c - +0 pair of gloves
SInv    .            (no boots)
Will    .....        (no amulet) Stlth
                     i - ring of resist corrosion
HPRegen 0.30/turn    (no ring)
MPRegen 0.10/turn

%: clarity
@: mighty
A: horns 2, retaliatory headbutt, clarity
a: no special abilities


You were on level 6 of the Dungeon.
You visited 2 branches of the dungeon, and saw 7 of its levels.

You collected 244 gold pieces.

Inventory:

Hand Weapons
 a - a +0 long sword (weapon)
Armour
 b - a +0 scale mail
 c - a +0 pair of gloves (worn)
 d - a +0 buckler (worn)
 p - a +0 chain mail (worn)
 q - a +0 crystal plate armour
Jewellery
 i - a ring of resist corrosion (left hand)
 r - a ring of see invisible
Talismans
 n - a serpent talisman
Wands
 s - a wand of flame (24)
 u - a wand of mindburst (8)
Scrolls
 g - 3 scrolls of teleportation
 k - a scroll of identify
 l - a scroll of poison
 o - a scroll of immolation
Potions
 e - a potion of might
 f - 2 potions of curing {unknown}
 h - a potion of attraction {unknown}
 j - a potion of magic
 m - 3 potions of heal wounds
 t - a potion of brilliance


   Skills:
 + Level 5.1 Fighting
 + Level 6.9 Long Blades
 + Level 6.7 Armour
 + Level 1.7 Dodging
 + Level 1.0 Stealth
 + Level 5.3 Shields


You had 6 spell levels left.
You didn't know any spells.
Your spell library contained the following spells:

 Spells                   Type           Power      Damage    Failure   Level
 Cigotuvi's Dreadful Rot  Necr/Alch/Air  0%         N/A       99%         2
 Sublimation of Blood     Necr           0%         N/A       99%         2
 Ignite Poison            Fire/Alch      0%         N/A       100%        4
 Petrify                  Alch/Erth      0%         N/A       100%        4
 Freezing Cloud           Conj/Ice/Air   0%         6-21      100%        5
 Irradiate                Conj/Alch      0%         3d11      100%        5


Dungeon Overview and Level Annotations

Branches:
Dungeon (6/15)             Temple (1/1) D:5

Altars:
Ashenzari
Elyvilon
Fedhas
Gozag
Hepliaklqana
Makhleb
Sif Muna
Uskayaw
Wu Jian
Xom


Innate Abilities, Weirdness & Mutations

You have a pair of horns on your head.
You reflexively headbutt those who attack you in melee.
You possess an exceptional clarity of mind.


Message History

Done exploring.
Done exploring.
As you read the scroll labelled MUYDEH YTOMA, it crumbles to dust.
It is a scroll of identify.
l - a scroll of poison What level of the Dungeon? (default 12, ? - help)
There is a stone staircase leading down here.
You climb downwards.
You hear the sound of rushing water.
There is an entrance to a sewer on this level.
Hurry and find it before the portal rusts away!
Found a pair of gloves.
Found an escape hatch in the ceiling.
There is a stone staircase leading up here.
A cyclops comes into view.
The cyclops shouts!
You hear a croak.
The cyclops throws a large rock.
The large rock hits you!!
A bullfrog comes into view.
The bullfrog croaks.
You feel very mighty all of a sudden.
You slash the bullfrog!
The bullfrog is severely wounded.
An adder comes into view.
The bullfrog hits you but does no damage.
The cyclops hits you. The bullfrog barely misses you.
The adder moves out of view.
You hit the cyclops.
The cyclops is lightly wounded.
The bullfrog hits you but does no damage.
The cyclops hits you!
* * * LOW HITPOINT WARNING * * *
The adder hisses angrily.
You hit the cyclops.
The cyclops is lightly wounded.
The bullfrog hits you.
* * * LOW HITPOINT WARNING * * *
The bullfrog barely misses you.
You slash the cyclops!
The cyclops is moderately wounded.
The bullfrog hits you but does no damage.
The cyclops hits you!!
You die...

.. #.. #####
#.. ...S.##
#.# #......
#.#
#....C##.#
#....F@#.#
###......#.#
..#
######.#.#
..# #.#.#
..#
#.#.##..#
#.#.#...#
#.#.....#
#...#.#
#....<#


You could see a cyclops, a bullfrog and an adder.

Vanquished Creatures
  Grinder (D:4)
  2 black bears (D:5)
  2 ogres
  A centaur (D:5)
  A scorpion (D:4)
  2 bombardier beetles (D:5)
  A hound (D:5)
  A sleepcap (D:5)
  5 adders
  3 ribbon worms
  2 dart slugs
  8 bats
  4 endoplasms
  A giant cockroach (D:3)
  8 goblins
  4 hobgoblins
  3 jackals (D:4)
  7 kobolds
  A ball python (D:3)
  4 frilled lizards
  3 rats
64 creatures vanquished.

Notes
Turn   | Place    | Note
-------+----------+-------------------------------------------
     0 | D:1      | Peloso the Minotaur Fighter began the quest for the Orb.
     0 | D:1      | Reached XP level 1. HP: 19/19 MP: 0/0
   104 | D:1      | Reached XP level 2. HP: 27/27 MP: 1/1
  1074 | D:1      | Gained mutation: You have sharp fingernails. [potion of
                  | mutation]
  1074 | D:1      | Gained mutation: You are frail. (-10% HP) [potion of
                  | mutation]
  1074 | D:1      | Gained mutation: You occasionally lose the ability to drink
                  | potions when taking damage. [potion of mutation]
  1074 | D:1      | Lost mutation: You are frail. (-10% HP) [potion of
                  | mutation]
  1075 | D:1      | Lost mutation: You have sharp fingernails. [potion of
                  | mutation]
  1075 | D:1      | Lost mutation: You occasionally lose the ability to drink
                  | potions when taking damage. [potion of mutation]
  1075 | D:1      | Gained mutation: You possess an exceptional clarity of
                  | mind. [potion of mutation]
  1365 | D:2      | Reached XP level 3. HP: 24/33 MP: 2/2
  2266 | D:3      | Found a faded altar of an unknown god.
  2811 | D:4      | Noticed Grinder
  2812 | D:4      | Paralysed by Grinder for 2 turns
  2826 | D:4      | Killed Grinder
  2827 | D:4      | Reached skill level 5 in Armour
  2827 | D:4      | Reached skill level 1 in Dodging
  2827 | D:4      | Reached XP level 4. HP: 35/41 MP: 3/3
  2827 | D:4      | Reached XP level 5. HP: 41/47 MP: 4/4
  2949 | D:4      | Reached XP level 6. HP: 48/53 MP: 5/5
  3091 | D:4      | Reached skill level 5 in Long Blades
  3688 | D:5      | Entered Level 5 of the Dungeon
  3781 | D:5      | Reached skill level 5 in Shields
  3781 | D:5      | Reached XP level 7. HP: 60/60 MP: 6/6
  3835 | D:5      | Found a staircase to the Ecumenical Temple.
  3846 | Temple   | Entered the Ecumenical Temple
  3955 | D:5      | Reached skill level 5 in Fighting
  4083 | D:5      | Reached skill level 1 in Stealth
  4388 | D:6      | Noticed a cyclops
  4395 | D:6      | Slain by a cyclops

Illustrated notes

Levels and vault maps discovered:
D:1:      matt_arrival_spirals, layout_loops_corners, roderic_serpentine_path,
          minmay_misc_feat_encased
D:2:      layout_rooms
D:3:      layout_loops_ring, hellmonk_ecumenical_altar_inner_sanctum
D:4:      layout_loops_ring, uniq_grinder
D:5:      layout_basic, minmay_temple_entry_glass
D:6:      minmay_opposing_rooms, layout_basic, gup_sewer_entry_pipe,
          serial_shops, nicolae_shop_behind_doors, small_statue_intersection
Temple:   hellmonk_temple_beads

Skill      XL: |  1  2  3  4  5  6  7 |
---------------+----------------------+-----
Fighting       | 4 5 |  5.1
Armour         | 4 5 6 |  6.7
Shields        | 4 5 |  5.3
Long Blades    | 4 6 |  6.9
Dodging        | 1 |  1.7
Stealth        | 1 |  1.0

Action                     |  1- 3 |  4- 6 |  7- 9 || total
---------------------------+-------+-------+-------++-------
  Melee: Long sword        |    82 |    58 |    36 ||   176
         Headbutt          |    15 |     9 |     8 ||    32
    Use: Potion            |     9 |       |     1 ||    10
         Scroll            |     4 |       |     1 ||     5
 Armour: Scale mail        |    59 |       |       ||    59
         Chain mail        |     7 |    44 |    39 ||    90
  Dodge: Dodged            |    26 |    31 |    12 ||    69
  Block: Buckler           |    19 |    15 |     6 ||    40
